[Event "2nd Namma Bengaluru Open-B 2025"]
[Site "Bengaluru"]
[Date "2025.04.13"]
[Round "9.1"]
[White "Aditya Dileepraj"]
[Black "Nijesh R"]
[Result "1/2-1/2"]
[Annotator "NA"]
[ECO "D38"]
[WhiteElo "1746"]
[BlackElo "1813"]
[PlyCount "90"]
[EventDate "2025.04.10"]
[EventType "swiss"]
[EventCountry "IND"]
[SourceTitle "playchess.com"]
[Source "ChessBase"]
[SourceQuality "1"]
[TimeControl "3600+30"]

1. d4 Nf6 2. c4 e6 3. Nf3 d5 4. Nc3 Bb4 5. Qa4+ Nc6 6. e3 O-O 7. Qc2 dxc4 8. Bxc4 h6 9. O-O Re8 10. a3 Bd6 11. e4 e5 12. d5 Nd4 13. Qd3 Nxf3+ 14. Qxf3 Nh7 15. Be3 Ng5 16. Qh5 Qf6 17. Rae1 Bd7 18. h4 Nh7 19. Bb5 g6 20. Qe2 Bxb5 21. Qxb5 Qxh4 22. Bxa7 Nf6 23. Re3 Rxa7 24. Rh3 Qg4 25. Rf3 Nd7 26. Rg3 c6 27. dxc6 bxc6 28. Qxc6 Qe6 29. Nb5 Bc5 30. Nxa7 Bxa7 31. Qxe6 Rxe6 32. b4 Nf6 33. Re1 Rd6 34. Kf1 Kf8 35. Rc3 Rd2 36. Re2 Rd1+ 37. Re1 Rd2 38. Re2 Rd7 39. g3 Rd1+ 40. Kg2 Bd4 41. Rcc2 Rd3 42. a4 Rb3 43. b5 Rb4 44. Ra2 Ke7 45. f3 Nd7 1/2-1/2

[Event "2nd Namma Bengaluru Open-B 2025"]
[Site "Bengaluru"]
[Date "2025.04.13"]
[Round "9.2"]
[White "Afreed T Khan"]
[Black "Vivaan Sachdev"]
[Result "1-0"]
[Annotator "ChessBase"]
[ECO "D80"]
[WhiteElo "1921"]
[BlackElo "1782"]
[PlyCount "71"]
[EventDate "2025.04.10"]
[EventType "swiss"]
[EventCountry "IND"]
[SourceTitle "playchess.com"]
[Source "ChessBase"]
[SourceQuality "1"]
[TimeControl "3600+30"]

1. d4 Nf6 2. c4 g6 3. Nc3 d5 4. Nf3 Bg7 5. Bg5 Ne4 6. Bf4 Nxc3 7. bxc3 c5 8. cxd5 Qxd5 9. e3 cxd4 10. cxd4 Nc6 11. Be2 O-O 12. O-O Bf5 13. Qa4 Rac8 14. Rac1 Qa5 15. Qxa5 Nxa5 16. Nd2 Bd7 17. h4 h5 18. Bd3 Rfe8 19. Ne4 Bc6 20. Bg3 Red8 21. f4 Bd5 22. f5 Bxe4 23. Bxe4 Bh6 24. Rxc8 Bxe3+ 25. Kh2 Rxc8 26. fxg6 f6 27. Rf5 Nc6 28. Rxh5 Nxd4 29. Rh7 e6 30. Rxb7 Rc1 31. Bd6 Bg1+ 32. Kh3 Rc3+ 33. g3 Re3 34. Rb8+ Kg7 35. Bf8+ Kg8 36. Bh6# 1-0

[Event "2nd Namma Bengaluru Open-B 2025"]
[Site "Bengaluru"]
[Date "2025.04.13"]
[Round "9.3"]
[White "Gaigore Sanskar"]
[Black "Rohith P"]
[Result "0-1"]
[Annotator "NA"]
[ECO "B30"]
[WhiteElo "1752"]
[BlackElo "1808"]
[PlyCount "116"]
[EventDate "2025.04.10"]
[EventType "swiss"]
[EventCountry "IND"]
[SourceTitle "playchess.com"]
[Source "ChessBase"]
[SourceQuality "1"]
[TimeControl "3600+30"]

1. Nf3 Nf6 2. g3 c5 3. Bg2 Nc6 4. d3 e5 5. O-O Be7 6. e4 O-O 7. Re1 d6 8. c3 b5 9. h3 Bb7 10. Bg5 h6 11. Bxf6 Bxf6 12. a4 b4 13. Nbd2 bxc3 14. bxc3 Ba6 15. Nf1 Qa5 16. Qc2 c4 17. dxc4 Bxc4 18. Ne3 Be6 19. Nd5 Bxd5 20. exd5 Nd8 21. Nd2 Rc8 22. Ne4 Be7 23. c4 f5 24. Nd2 Nb7 25. Reb1 Qc7 26. a5 Nc5 27. Nb3 Nxb3 28. Rxb3 e4 29. Ra4 Rb8 30. a6 Rb6 31. Qb1 Rfb8 32. Rab4 Bd8 33. g4 Qc5 34. Rxb6 Bxb6 35. gxf5 Qxf2+ 36. Kh1 e3 37. Qf1 Qc2 38. Rb1 e2 39. Qe1 Qxb1 40. Qxb1 Re8 41. Qe1 Ba5 42. Qxa5 e1=Q+ 43. Qxe1 Rxe1+ 44. Kh2 Ra1 45. Kg3 Rxa6 46. Kf4 Ra5 47. Ke4 Rc5 48. Kd4 Kf8 49. Be4 Ke7 50. Bc2 Kf6 51. h4 Ra5 52. Bd3 a6 53. Bc2 Ra2 54. Bd3 Rh2 55. c5 Rxh4+ 56. Kc3 dxc5 57. Bxa6 Kxf5 58. d6 Ke6 0-1

[Event "2nd Namma Bengaluru Open-B 2025"]
[Site "Bengaluru"]
[Date "2025.04.13"]
[Round "9.4"]
[White "Anurag, Jaiswal"]
[Black "Borse Vaibhav"]
[Result "1/2-1/2"]
[Annotator "ChessBase"]
[ECO "A37"]
[WhiteElo "1923"]
[BlackElo "1778"]
[PlyCount "63"]
[EventDate "2025.04.10"]
[EventType "swiss"]
[EventCountry "IND"]
[SourceTitle "playchess.com"]
[Source "ChessBase"]
[SourceQuality "1"]
[TimeControl "3600+30"]

1. Nf3 c5 2. g3 g6 3. Bg2 Bg7 4. c4 Nc6 5. Nc3 d6 6. O-O e5 7. d3 Nge7 8. Ne1 Be6 9. Nd5 O-O 10. Nc2 Bxd5 11. cxd5 Nd4 12. Nxd4 cxd4 13. Qb3 Qb6 14. Bd2 Rac8 15. Rfc1 Rxc1+ 16. Rxc1 Qxb3 17. axb3 Rc8 18. Rc4 b5 19. Rxc8+ Nxc8 20. e4 dxe3 21. fxe3 e4 22. dxe4 Bxb2 23. Bh3 Nb6 24. Bb4 Be5 25. Bf1 Nd7 26. Bxb5 Nc5 27. Bc4 Nxe4 28. Kg2 f5 29. Kf3 Kf7 30. Ke2 Kf6 31. Ba5 Bb2 32. Bc7 1/2-1/2

[Event "2nd Namma Bengaluru Open-B 2025"]
[Site "Bengaluru"]
[Date "2025.04.13"]
[Round "9.5"]
[White "Prajit Ravishankar"]
[Black "Nayak, Biswajit"]
[Result "0-1"]
[Annotator "ChessBase"]
[ECO "E17"]
[WhiteElo "1818"]
[BlackElo "1979"]
[PlyCount "46"]
[EventDate "2025.04.10"]
[EventType "swiss"]
[EventCountry "IND"]
[SourceTitle "playchess.com"]
[Source "ChessBase"]
[SourceQuality "1"]
[TimeControl "3600+30"]

1. c4 e6 2. g3 Nf6 3. Bg2 d5 4. d4 Be7 5. Nf3 O-O 6. O-O b6 7. Qc2 Bb7 8. Rd1 Nbd7 9. b3 Rc8 10. Nc3 c5 11. dxc5 Bxc5 12. Bg5 h6 13. Bxf6 Qxf6 14. Na4 Ba3 15. Nd4 Ba6 16. Qd2 dxc4 17. Nc2 Bc5 18. Qxd7 Bxf2+ 19. Kh1 cxb3 20. Nb4 Bxe2 21. Nc6 Bxd1 22. Qxd1 Rxc6 23. Bxc6 Bd4 0-1

[Event "2nd Namma Bengaluru Open-B 2025"]
[Site "Bengaluru"]
[Date "2025.04.13"]
[Round "9.6"]
[White "Karthikeyan, J.."]
[Black "Karyasheel P"]
[Result "1/2-1/2"]
[Annotator "ChessBase"]
[ECO "B31"]
[WhiteElo "1916"]
[BlackElo "1808"]
[PlyCount "112"]
[EventDate "2025.04.10"]
[EventType "swiss"]
[EventCountry "IND"]
[SourceTitle "playchess.com"]
[Source "ChessBase"]
[SourceQuality "1"]
[TimeControl "3600+30"]

1. e4 c5 2. Nf3 Nc6 3. Bb5 g6 4. O-O Bg7 5. Re1 e5 6. Nc3 Nge7 7. a4 O-O 8. Bc4 h6 9. d3 d6 10. h3 Kh7 11. Nd5 Nxd5 12. Bxd5 Ne7 13. Ba2 f5 14. c3 Bd7 15. b4 cxb4 16. cxb4 d5 17. Bb2 d4 18. exf5 Rxf5 19. b5 Qf8 20. Ba3 Re8 21. Bd5 Bc8 22. Rc1 Qf6 23. Bxe7 Qxe7 24. Nxd4 Rxf2 25. Kxf2 Qh4+ 26. Ke2 exd4+ 27. Kf1 Rf8+ 28. Kg1 Bxh3 29. Rf1 Bg4 30. Qe1 Rxf1+ 31. Qxf1 Qg3 32. Re1 Bf5 33. Qe2 Bxd3 34. Qe8 h5 35. Re7 Kh6 36. Bxb7 Bf5 37. Bf3 d3 38. Rxg7 Kxg7 39. Qe7+ Kh6 40. Qe3+ g5 41. a5 Qd6 42. Qxa7 d2 43. Qb6 Qxb6+ 44. axb6 Be4 45. Bd1 h4 46. Kf2 Kg7 47. Bg4 Bf5 48. Bd1 Be4 49. g3 hxg3+ 50. Kxg3 Kf6 51. Kf2 Ke5 52. Ke3 Bb7 53. Kxd2 Kd4 54. Bg4 Kc5 55. Bd7 Kxb6 56. Ke3 Ba6 1/2-1/2

[Event "2nd Namma Bengaluru Open-B 2025"]
[Site "Bengaluru"]
[Date "2025.04.13"]
[Round "9.7"]
[White "Nihaan Pohane"]
[Black "Swapnil Priyadarshi"]
[Result "1-0"]
[Annotator "NA"]
[ECO "D00"]
[WhiteElo "1882"]
[BlackElo "1814"]
[PlyCount "97"]
[EventDate "2025.04.10"]
[EventType "swiss"]
[EventCountry "IND"]
[SourceTitle "playchess.com"]
[Source "ChessBase"]
[SourceQuality "1"]
[TimeControl "3600+30"]

1. d4 d5 2. Bf4 c5 3. e3 Nc6 4. c3 Nf6 5. Nd2 Qb6 6. Qb3 c4 7. Qc2 g6 8. e4 e6 9. Be2 Qa5 10. e5 Nd7 11. a3 b5 12. Rb1 Be7 13. h4 Qd8 14. Ndf3 a5 15. Qc1 h5 16. Ng5 b4 17. g4 hxg4 18. Bxg4 Nf8 19. h5 f6 20. exf6 Bxf6 21. Qe3 Qe7 22. N1f3 Bd7 23. h6 e5 24. dxe5 Bxg4 25. exf6 Qxe3+ 26. fxe3 Bxf3 27. Nxf3 Kf7 28. Rd1 Rd8 29. axb4 axb4 30. cxb4 Nxb4 31. Ng5+ Kxf6 32. Be5+ Kxe5 33. Nf7+ Ke4 34. Nxh8 Nh7 35. Nxg6 Kxe3 36. Rh3+ Ke4 37. Kd2 Nd3 38. Rf1 Kd4 39. Rh4+ Kc5 40. Rh5 Rb8 41. Rf7 Rxb2+ 42. Ke3 Rb6 43. Rxh7 Rxg6 44. Rc7+ Kd6 45. h7 Re6+ 46. Kd2 Kxc7 47. h8=Q Nf4 48. Rh7+ Kd6 49. Qb8+ 1-0

[Event "2nd Namma Bengaluru Open-B 2025"]
[Site "Bengaluru"]
[Date "2025.04.13"]
[Round "9.8"]
[White "Singh Arjun M"]
[Black "Arush A"]
[Result "0-1"]
[Annotator "NA"]
[ECO "D00"]
[WhiteElo "1864"]
[BlackElo "1876"]
[PlyCount "104"]
[EventDate "2025.04.10"]
[EventType "swiss"]
[EventCountry "IND"]
[SourceTitle "playchess.com"]
[Source "ChessBase"]
[SourceQuality "1"]
[TimeControl "3600+30"]

1. d4 d5 2. Nc3 Nf6 3. Bf4 e6 4. Nb5 Na6 5. e3 c6 6. Nc3 Nc7 7. Nf3 Bd6 8. Ne5 O-O 9. Bd3 Nce8 10. Bg5 Qc7 11. f4 Nd7 12. Bh4 f5 13. g4 Ndf6 14. gxf5 exf5 15. Bf2 Ne4 16. Nxe4 fxe4 17. Be2 Qb6 18. Qc1 c5 19. c3 Be6 20. Qd2 a5 21. O-O-O cxd4 22. exd4 Bxe5 23. fxe5 Rxf2 24. Qe3 Rf7 25. Bh5 g6 26. Rhg1 Bf5 27. Rdf1 Ng7 28. Be2 a4 29. a3 Re8 30. Bd1 Rxe5 31. Bxa4 Ree7 32. h4 Bd7 33. Bc2 Rxf1+ 34. Rxf1 Rf7 35. Rxf7 Kxf7 36. Qg5 Bf5 37. Qf4 Qe6 38. Bb3 Ne8 39. Kd2 Qd7 40. a4 Nf6 41. Qe5 Qc6 42. h5 Qe6 43. h6 g5 44. Qc7+ Kg6 45. Qg7+ Kh5 46. Bd1+ Bg4 47. Bxg4+ Kxg4 48. a5 Qa6 49. c4 Qxa5+ 50. Ke2 Qa6 51. Kf2 Qb6 52. Kf1 Qxd4 0-1

[Event "2nd Namma Bengaluru Open-B 2025"]
[Site "Bengaluru"]
[Date "2025.04.13"]
[Round "9.9"]
[White "Subramanian, R M"]
[Black "Krishnasai Ramesh Vandanapu"]
[Result "1-0"]
[Annotator "NA"]
[ECO "B21"]
[WhiteElo "1863"]
[BlackElo "1790"]
[PlyCount "61"]
[EventDate "2025.04.10"]
[EventType "swiss"]
[EventCountry "IND"]
[SourceTitle "playchess.com"]
[Source "ChessBase"]
[SourceQuality "1"]
[TimeControl "3600+30"]

1. e4 c5 2. Nc3 e6 3. f4 d5 4. Nf3 dxe4 5. Nxe4 Be7 6. g3 Nf6 7. Nf2 b6 8. Bg2 Bb7 9. O-O O-O 10. b3 Ne4 11. Ng4 Nd7 12. Bb2 Nef6 13. Nf2 Qc7 14. Qe2 a5 15. a4 Rac8 16. d3 Rfe8 17. Rae1 Bd6 18. Nd1 Bc6 19. Ne5 Bxg2 20. Qxg2 Bxe5 21. fxe5 Nd5 22. Nf2 f5 23. exf6 N7xf6 24. Ne4 Ng4 25. Qh3 Nh6 26. Ng5 e5 27. Rxe5 Rxe5 28. Bxe5 Qc6 29. Rf7 Re8 30. Rxg7+ Kf8 31. Nxh7# 1-0

[Event "2nd Namma Bengaluru Open-B 2025"]
[Site "Bengaluru"]
[Date "2025.04.13"]
[Round "9.10"]
[White "Gokul G"]
[Black "Yeshas H"]
[Result "1/2-1/2"]
[Annotator "NA"]
[ECO "B15"]
[WhiteElo "1858"]
[BlackElo "1788"]
[PlyCount "110"]
[EventDate "2025.04.10"]
[EventType "swiss"]
[EventCountry "IND"]
[SourceTitle "playchess.com"]
[Source "ChessBase"]
[SourceQuality "1"]
[TimeControl "3600+30"]

1. e4 c6 2. d4 d5 3. Nc3 dxe4 4. Nxe4 Nf6 5. Qd3 Nbd7 6. Nf3 Nxe4 7. Qxe4 Nf6 8. Qf4 Qb6 9. Bd3 g6 10. O-O Bg7 11. Re1 O-O 12. Qh4 Bg4 13. Ne5 Be6 14. c3 Rfe8 15. Nc4 Bxc4 16. Bxc4 Nd5 17. Bb3 a5 18. Bh6 a4 19. Bxd5 cxd5 20. Rab1 Bxh6 21. Qxh6 Qf6 22. Re5 e6 23. Rbe1 Rec8 24. R1e3 Qg7 25. Qh4 Rc7 26. Qg4 b5 27. h4 b4 28. cxb4 Rc2 29. Re2 Rac8 30. b5 Qh6 31. f4 Qf8 32. a3 Qd8 33. Rxc2 Rxc2 34. Re2 h5 35. Qf3 Rc1+ 36. Kf2 Qxh4+ 37. g3 Qh2+ 38. Qg2 Qxg2+ 39. Kxg2 Rc7 40. b3 axb3 41. Kh3 Ra7 42. Rb2 Rxa3 43. b6 Ra8 44. Kg2 Kf8 45. Kf3 Ke7 46. Rxb3 Rb8 47. g4 h4 48. Kg2 f6 49. g5 fxg5 50. fxg5 Kd6 51. Kh3 Kc6 52. Rc3+ Kxb6 53. Kxh4 Re8 54. Kg4 e5 55. dxe5 Rxe5 1/2-1/2